 Dungeon Crawl Stone Soup version 0.27-a0-1154-gfdeffcb720 (webtiles) character file.

Game seed: 12329051818571603913

5220 agentchuck the Covert (level 10, -3/74 HPs)
             Began as a Vampire Necromancer on May 14, 2021.
             Was a Believer of Kikubaaqudgha.
             Shot with a sling bullet by Joseph (16 damage)
             ... on level 10 of the Dungeon.
             The game lasted 00:42:53 (11944 turns).

agentchuck the Covert (Vampire Necromancer)        Turns: 11944, Time: 00:42:54

Health: -3/74      AC: 12    Str:  8    XL:     10   Next: 35%
Magic:  18/26      EV: 17    Int: 20    God:    Kikubaaqudgha [**....]
Gold:   525        SH:  5    Dex: 15    Spells: 6/18 levels left

rFire    . . .     SeeInvis +   w - +2 trident (flame)
rCold    . . .     Faith    .   u - +0 buckler
rNeg     . . .     Spirit   .   F - +0 steam dragon scales
rPois    .         Reflect  .   i - +2 helmet
rElec    .         Harm     .   G - scarf {+Inv}
rCorr    .         Rampage  .   (no gloves)
Will     +....                  (no boots)
Stlth    +++++.....             (no amulet)
HPRegen  0.42/turn              O - +4 ring of protection
MPRegen  0.20/turn              W - ring of magical power

@: about to teleport, healing quickly, hasted, studying Dodging, very quick
A: alive, fangs 3, see invisible, vampiric 2
a: Exsanguinate, Renounce Religion, Evoke Invisibility, Receive Corpses


You were on level 10 of the Dungeon.
You worshipped Kikubaaqudgha.
Kikubaaqudgha was pleased with you.
You visited 2 branches of the dungeon, and saw 11 of its levels.
You also visited: Ossuary.

You collected 525 gold pieces.


Innate Abilities, Weirdness & Mutations

Your natural rate of healing is accelerated.
You have razor-sharp teeth.
You have supernaturally acute eyesight. (SInv)
You are afflicted with vampirism and can become a bat while bloodless.


   Skills:
 - Level 5.2 Fighting
 + Level 10.1 Dodging
 + Level 11.3 Stealth
 - Level 4.0 Shields
 - Level 4.9 Spellcasting
 - Level 8.2 Necromancy
 * Level 3.1 Air Magic
 - Level 3.0 Evocations


You had 6 spell levels left.
You knew the following spells:

 Your Spells              Type           Power      Damage    Failure   Level
d - Animate Dead          Necr           18%        N/A       4%          4
k - Airstrike             Air            8%         N/A       32%         4
v - Vampiric Draining     Necr           18%        2d8       1%          3
z - Pain                  Necr           100%       1d9       1%          1

Your spell library contained the following spells:

 Spells                   Type           Power      Damage    Failure   Level
 Animate Skeleton         Necr           74%        N/A       1%          1
 Corpse Rot               Necr/Air       N/A        N/A       1%          2
 Shock                    Conj/Air       44%        1d5       6%          1
 Static Discharge         Conj/Air       11%        N/A       10%         2
 Swiftness                Air            17%        N/A       10%         3
 Agony                    Necr           37%        N/A       11%         5
 Lightning Bolt           Conj/Air       5%         1d17      86%         5

Inventory:

Hand Weapons
 a - a +3 dagger of electrocution
 e - a +1 dagger of venom
 w - a +2 trident of flaming (weapon)
 E - a +0 long sword
Missiles
 c - 160 stones
 k - 2 throwing nets {=f}
 v - 5 silver boomerangs
 x - 9 boomerangs
 D - 29 poisoned darts
Armour
 i - a +2 helmet (worn)
 u - a +0 buckler (worn)
 F - +0 steam dragon scales (worn)
 G - a scarf of invisibility (worn)
Jewellery
 L - a ring of flight
 O - a +4 ring of protection (left hand)
 W - a ring of magical power (right hand)
 Z - a ring of wizardry
Wands
 y - a wand of iceblast (13)
 C - a wand of flame (13)
Scrolls
 d - 3 scrolls of blinking
 m - 2 scrolls of immolation {!r}
 n - a scroll of enchant armour
 o - 2 scrolls of silence {!r}
 p - a scroll of teleportation {@r4}
 r - 2 scrolls of amnesia
 B - a scroll of fear
 H - 2 scrolls of identify {@r1}
Potions
 b - 2 potions of mutation {!q}
 f - a potion of degeneration {unknown}
 g - a potion of curing {@q1}
 h - 4 potions of lignification {unknown}
 j - 4 potions of brilliance
 l - 3 potions of haste {@q3}
 q - 3 potions of ambrosia
 s - 2 potions of might
 t - 2 potions of heal wounds {unknown}
 z - a potion of flight {unknown}
 A - 2 potions of attraction {unknown}

Dungeon Overview and Level Annotations

Branches:
Dungeon (10/15)            Temple (1/1) D:6         Ossuary (visited)
   Lair: D:8-11         Orc: D:9-12

Altars:
Dithmenos
Elyvilon
Fedhas
Gozag
Kikubaaqudgha
Makhleb
Okawaru
Qazlal
Sif Muna
Vehumet
Xom
Yredelemnul
Zin

Shops:
D:5 :

Annotations:
D:4 2 runed translucent doors, DylanTheDylan's ghost, amateur DrWz
D:5 exclusion: 3 lemures, Pikel; Prince Ribbit
D:6 2 runed translucent doors, 1 exclusion, Grinder; kd29's ghost, novice GrEE
D:8 1 runed translucent door, kd29's ghost, novice GrEE
D:10 exclusion: orc wizard, Joseph

#...........#
#.........#.##
#.........#..#
##.........##.##.#
#....)#######..#.### ≈
#.....# ##.#.#.#≈≈
#.....# #.#....≈≈
#.....########.#...#
##≈#.))..##...@.......#
#≈≈≈.....##.#####@.##.#
..≈≈≈≈.....##.# #...#
$[≈≈≈≈≈≈#####.### #O#.#
..≈≈≈≈≈≈# #.....#
#.#..# ..≈≈≈≈≈##
#.#.#.###o##.#
..≈≈≈≈### #.#.#.#.)<#
..
#≈≈≈≈≈#...#.#.#o#.###
..# ≈≈≈≈≈≈≈.#.#...#.#.#
.#


You could see Joseph (fast).


Message History

Joseph shoots a sling bullet.
The sling bullet hits you.
Joseph says, "You will never get the ORB, sorry."
Joseph drinks a potion.
Joseph seems to speed up.
The two-headed ogre hits your boulder beetle zombie with a +0 dire flail!
The two-headed ogre hits your boulder beetle zombie with a +0 giant spiked club!
Joseph unwields a +0 hunting sling.
Joseph wields a +0 quarterstaff.
Joseph hits you with a +0 quarterstaff! Joseph hits you with a +0 quarterstaff!
Your boulder beetle zombie bites the two-headed ogre!!
Joseph hits you with a +0 quarterstaff!
* * * LOW HITPOINT WARNING * * *
You feel yourself speed up.
The two-headed ogre hits your boulder beetle zombie with a +0 dire flail.
Your boulder beetle zombie is destroyed!
Joseph hits you with a +0 quarterstaff.
* * * LOW HITPOINT WARNING * * *
Okay, then.
You block Joseph's attack.
As you read the scroll of teleportation {@r4}, it crumbles to dust.
You feel strangely unstable.
Joseph hits you with a +0 quarterstaff!!
* * * LOW HITPOINT WARNING * * *
You feel better. Joseph hits you with a +0 quarterstaff.
* * * LOW HITPOINT WARNING * * *
Joseph unwields a +0 quarterstaff.
Joseph wields a +0 hunting sling.
Joseph shoots a sling bullet.
The sling bullet hits you.
* * * LOW HITPOINT WARNING * * *
Joseph shoots a sling bullet.
The sling bullet hits you!
You die...
Kikubaaqudgha rasps: "You have failed me!
Welcome... death!"

Skill      XL: |  1  2  3  4  5  6  7  8  9 10 |
---------------+-------------------------------+-----
Stealth        | 4 5 6 7 8 9 10 11 | 11.3
Necromancy     | 5 6 8 |  8.2
Fighting       | 2 4 5 |  5.2
Shields        | 2 4 |  4.0
Spellcasting   | 3 4 |  4.9
Dodging        | 3 6 9 10 | 10.1
Evocations     | 1 3 |  3.0
Air Magic      | 3 |  3.1

Action                   |  1- 3 |  4- 6 |  7- 9 | 10-12 || total
-------------------------+-------+-------+-------+-------++-------
Melee: Unarmed           |     3 |       |       |       ||     3
       Short sword       |     3 |       |       |       ||     3
       Trident           |    21 |    71 |   330 |    43 ||   465
       Bite              |     3 |     3 |    34 |     3 ||    43
       Dagger            |       |     3 |    11 |       ||    14
Throw: Stone             |     3 |       |     1 |       ||     4
       Throwing net      |       |     1 |       |       ||     1
 Cast: Pain              |    66 |    71 |    51 |    23 ||   211
       Vampiric Draining |       |     7 |    69 |    16 ||    92
       Animate Dead      |       |       |     1 |     4 ||     5
Invok: Receive Corpses   |       |       |     3 |     2 ||     5
 Abil: Exsanguinate      |       |     1 |       |       ||     1
       Revivify          |       |       |     1 |       ||     1
Evoke: Wand              |       |       |     2 |     2 ||     4
  Use: Scroll            |       |     7 |    11 |     1 ||    19
       Potion            |       |       |     2 |     2 ||     4
 Stab: Sleeping          |       |     6 |    18 |       ||    24
Armor: Robe              |    16 |     3 |       |       ||    19
       Leather armour    |       |    43 |    78 |       ||   121
       Steam dragon scal |       |       |    67 |    30 ||    97
Dodge: Dodged            |    23 |    51 |   213 |    51 ||   338
Block: Buckler           |       |     2 |   103 |    15 ||   120

Levels and vault maps discovered:
D:1:      minmay_arrival_plants_in_alcoves, layout_rooms
D:2:      layout_basic, hangedman_feature_mirror
D:3:      cheibrodos_old_hovel, layout_rooms,
          shapermc_ecumenical_altar_notcrosses, st_stairs_6,
          grunt_ministairs_12, corexii_item_surrounded_by_moat, chequers_jeans,
          lemuel_another_geyser
D:4:      layout_basic, ebering_ghost_disaster_area
D:5:      layout_loops_ring, serial_shops, shop, minivault_5,
          minmay_manual_moon, uniq_pikel, uniq_prince_ribbit1
D:6:      minmay_razor_zed, layout_rooms, minmay_temple_entry_wispy,
          ebering_ghost_disaster_area, nicolae_ossuary_entry_ruins, uniq_grinder
D:7:      layout_basic, lemuel_doored_altar
D:8:      layout_basic, kennysheep_little_box,
          lemuel_mausoleum_altar_yredelemnul, ebering_ghost_inner_flame
D:9:      layout_loops_ring, nicolae_uskayaw_suspiria,
          worldfamousw_hep_ancestral_shrine, ashenzari_conservatory_becter,
          uniq_grum
D:10:     layout_basic, minmay_orc_entry_temple_small, uniq_erica, uniq_joseph
Temple:   eino_temple_rhombus

Notes
Turn   | Place    | Note
-------+----------+-------------------------------------------
     0 | D:1      | agentchuck the Vampire Necromancer began the quest for the
                  | Orb.
     0 | D:1      | Reached XP level 1. HP: 13/13 MP: 3/3
   368 | D:1      | Reached XP level 2. HP: 19/19 MP: 3/5
   691 | D:1      | Reached skill level 4 in Stealth
  1088 | D:2      | Reached skill level 5 in Necromancy
  1090 | D:2      | Gained mutation: You are afflicted with vampirism and can
                  | become a bat while bloodless. [Vampire growth]
  1090 | D:2      | Reached XP level 3. HP: 21/24 MP: 2/6
  1499 | D:2      | Reached skill level 5 in Stealth
  1575 | D:2      | Reached XP level 4. HP: 16/30 MP: 3/7
  2242 | D:3      | You fall into a shaft and drop 1 floor!
  2295 | D:3      | Reached skill level 6 in Stealth
  2444 | D:3      | Learned a level 3 spell: Vampiric Draining
  2640 | D:3      | Found a faded altar of an unknown god.
  2928 | D:4      | Reached XP level 5. HP: 35/35 MP: 8/8
  3164 | D:4      | Reached skill level 1 in Fighting
  3240 | D:4      | Reached skill level 7 in Stealth
  3564 | D:4      | Reached skill level 2 in Fighting
  3583 | D:4      | Found a large runed translucent door.
  3583 | D:4      | Found a large runed translucent door.
  3584 | D:4      | Noticed DylanTheDylan's ghost (amateur DrWz)
  3736 | D:4      | Reached XP level 6. HP: 42/44 MP: 5/9
  4244 | D:5      | Entered Level 5 of the Dungeon
  4444 | D:5      | Reached skill level 8 in Stealth
  4541 | D:5      | Reached skill level 1 in Shields
  4597 | D:5      | Noticed Pikel
  4800 | D:5      | Found Ika Vukk's Book Shoppe.
  4801 | D:5      | Noticed Prince Ribbit
  4829 | D:5      | Reached skill level 2 in Shields
  4829 | D:5      | Reached XP level 7. HP: 40/40 MP: 10/10
  4931 | D:5      | Reached skill level 9 in Stealth
  5174 | D:5      | Reached skill level 3 in Shields
  5405 | D:5      | Reached skill level 3 in Spellcasting
  5858 | D:6      | Found a staircase to the Ecumenical Temple.
  5865 | Temple   | Entered the Ecumenical Temple
  5899 | Temple   | Became a worshipper of Kikubaaqudgha
  5919 | D:6      | Found a large runed translucent door.
  5973 | D:6      | Found a sand-covered staircase.
  5978 | Ossuary  | Entered an ossuary
  5978 | Ossuary  | Noticed a wraith
  5978 | Ossuary  | Noticed a wraith
  5978 | Ossuary  | Noticed a wraith
  6296 | Ossuary  | Noticed a wraith
  6351 | Ossuary  | Reached * piety under Kikubaaqudgha
  6351 | Ossuary  | Identified Kikubaaqudgha's Tome of Unholy Secrets
                  | (Kikubaaqudgha gifted it to you in an ossuary)
  6351 | Ossuary  | Received a gift from Kikubaaqudgha
  6620 | Ossuary  | Killed a wraith
  6621 | Ossuary  | Reached skill level 3 in Dodging
  6621 | Ossuary  | Reached skill level 4 in Shields
  6621 | Ossuary  | Reached XP level 8. HP: 18/51 MP: 13/13
  6801 | D:6      | Reached skill level 4 in Spellcasting
  6807 | D:6      | Reached skill level 4 in Dodging
  7094 | D:6      | Reached skill level 6 in Necromancy
  7180 | D:6      | Reached skill level 5 in Dodging
  7503 | D:6      | Noticed Grinder
  7609 | D:6      | Noticed kd29's ghost (novice GrEE)
  7610 | D:6      | Found a large runed translucent door.
  8035 | D:7      | Found an opulent altar of Gozag.
  8579 | D:8      | Reached skill level 6 in Dodging
  8579 | D:8      | Reached skill level 1 in Evocations
  8853 | D:8      | Noticed a two-headed ogre
  8883 | D:8      | Reached XP level 9. HP: 53/62 MP: 15/16
  9114 | D:8      | Reached skill level 3 in Fighting
  9263 | D:8      | Reached ** piety under Kikubaaqudgha
  9280 | D:8      | Reached skill level 2 in Evocations
  9313 | D:8      | Reached skill level 7 in Dodging
  9313 | D:8      | Reached skill level 7 in Necromancy
  9315 | D:8      | Found a basalt altar of Yredelemnul.
  9662 | D:8      | Found a runed translucent door.
  9668 | D:8      | Noticed kd29's ghost (novice GrEE)
 10135 | D:8      | Found a burning altar of Makhleb.
 10248 | D:8      | Learned a level 4 spell: Animate Dead
 10276 | D:8      | Killed a two-headed ogre
 10277 | D:8      | Reached skill level 4 in Fighting
 10277 | D:8      | Reached skill level 8 in Dodging
 10277 | D:8      | Reached skill level 3 in Evocations
 10590 | D:8      | Noticed an anaconda
 10623 | D:9      | Noticed Grum
 10636 | D:9      | Killed Grum
 10637 | D:9      | Reached skill level 10 in Stealth
 10827 | D:9      | Reached skill level 8 in Necromancy
 10864 | D:9      | Reached skill level 9 in Dodging
 11081 | D:9      | Reached XP level 10. HP: 73/73 MP: 13/17
 11093 | D:9      | Learned a level 4 spell: Airstrike
 11172 | D:9      | Reached skill level 5 in Fighting
 11172 | D:9      | Noticed a two-headed ogre
 11412 | D:9      | You fall into a shaft and drop 1 floor!
 11412 | D:10     | Entered Level 10 of the Dungeon
 11451 | D:10     | Reached skill level 11 in Stealth
 11451 | D:10     | Reached skill level 1 in Air Magic
 11492 | D:10     | Reached skill level 2 in Air Magic
 11499 | D:10     | Reached skill level 10 in Dodging
 11721 | D:10     | Reached skill level 3 in Air Magic
 11929 | D:10     | Noticed Joseph
 11933 | D:10     | Noticed a two-headed ogre
 11944 | D:10     | Shot with a sling bullet by Joseph

Vanquished Creatures
  A two-headed ogre (D:8)
  A wraith (Ossuary)
  6 yaks
  Grum (D:9)
  A steam dragon (D:8)
  2 water moccasins
  4 orc warriors
  An ice beast (D:6)
  2 wolves
  3 centaurs
  A phantom (D:5)
  2 kobold brigands
  2 gnoll sergeants
  2 scorpions
  A water moccasin zombie (D:5)
  A water moccasin skeleton (D:5)
  3 wights (D:8)
  An electric eel (D:10)
  A howler monkey (D:6)
  A bullfrog zombie (D:5)
  4 centaur zombies
  3 jellies (D:6)
  2 bullfrog skeletons
  5 orc priests
  3 hounds
  A human zombie (D:8)
  3 iguanas
  5 orc wizards
  3 killer bee zombies
  A hound zombie (D:5)
  3 mummies
  3 howler monkey zombies (D:8)
  10 gnolls
  4 adders
  2 white imps
  An ufetubus (D:5)
  2 dart slugs (D:2)
  32 orcs
  5 endoplasms
  3 giant cockroaches
  6 goblins
  7 hobgoblins
  10 jackals
  17 kobolds
  7 quokkas
  6 ball pythons
  4 bats
  3 frilled lizards
  6 gnoll skeletons (Ossuary)
  5 kobold skeletons (Ossuary)
  14 orc skeletons (Ossuary)
  6 rats
223 creatures vanquished.

Vanquished Creatures (collateral kills)
  2 yaks (D:10)
2 creatures vanquished.

Grand Total: 225 creatures vanquished

Table legend: (Time is in decaauts)
 A = Elapsed time spent in this place.
 B = Non-inter-level travel time spent in this place.
 C = Inter-level travel time spent in this place.
 D = Time resting spent in this place.
 E = Time spent auto-exploring this place.
 F = Levels seen in this place.
 G = Mean time per level.
                   A        B        C        D        E       F      G
               +--------+--------+--------+--------+--------+-----+--------+
         Total |  12105 |  11409 |    696 |   3452 |   3689 |  12 | 1008.8 |
       Dungeon |  11283 |  10602 |    681 |   3202 |   3689 |  10 | 1128.3 |
        Temple |     50 |     35 |     15 |      0 |      0 |   1 |   50.0 |
       Ossuary |    771 |    771 |      0 |    250 |      0 |   1 |  771.0 |
               +--------+--------+--------+--------+--------+-----+--------+

Top non-repeatable levels by time:
     D:8: 2406 daAuts
     D:4: 1461 daAuts
     D:6: 1305 daAuts
     D:2: 1282 daAuts
     D:5: 1273 daAuts
     D:3: 922 daAuts
     D:1: 809 daAuts
     D:7: 792 daAuts
 Ossuary: 771 daAuts
    D:10: 545 daAuts
     D:9: 485 daAuts
  Temple: 50 daAuts

Table legend:
 A = Non-vault XP
 B = Vault XP
 C = Vault XP percentage of total XP
 D = Non-vault monster count
 E = Vault monster count
 F = Vault count percentage of total count
                 A         B        C        D         E       F
            +---------+---------+-------+---------+---------+-------
      Total |    5481 |    1977 |  26.5 |     158 |      67 |  29.8
            +---------+---------+-------+---------+---------+-------
        D:1 |      25 |       0 |   0.0 |      13 |       0 |   0.0
        D:2 |      91 |       9 |   9.0 |      21 |       6 |  22.2
        D:3 |      62 |       6 |   8.8 |      19 |       4 |  17.4
        D:4 |     197 |       0 |   0.0 |      23 |       0 |   0.0
        D:5 |     605 |     258 |  29.9 |      14 |       5 |  26.3
        D:6 |     178 |     622 |  77.8 |       5 |      10 |  66.7
        D:7 |     147 |       0 |   0.0 |       8 |       0 |   0.0
        D:8 |    1694 |     524 |  23.6 |      29 |      13 |  31.0
        D:9 |     950 |     306 |  24.4 |      13 |       2 |  13.3
       D:10 |    1532 |       0 |   0.0 |      13 |       0 |   0.0
    Ossuary |       0 |     252 | 100.0 |       0 |      27 | 100.0
            +---------+---------+-------+---------+---------+-------
